 Dungeon Crawl Stone Soup version 0.17.1-2-g5865329 (webtiles) character file.

1570 PossumBlood the Cleaver (level 8, -1/64 HPs)
             Began as a Minotaur Fighter on Jan 18, 2016.
             Was a Believer of Okawaru.
             Slain by a slave (4 damage)
             ... led by Pikel
             ... on level 7 of the Dungeon.
             The game lasted 00:12:39 (5336 turns).

PossumBlood the Cleaver (Minotaur Fighter)          Turns: 5336, Time: 00:12:39

Health: -1/64      AC: 11    Str: 23    XL:     8   Next: 59%
Magic:  7/7        EV:  6    Int:  5    God:    Okawaru [**....]
Gold:   293        SH:  0    Dex: 10    Spells: 0 memorised, 7 levels left

rFire  . . .     SeeInvis .     a - +1 war axe
rCold  . . .     Clarity  .     n - +0 plate armour
rNeg   . . .     SustAt   .     (no shield)
rPois  .         Gourm    .     (helmet restricted)
rElec  .         Spirit   .     (no cloak)
rCorr  .         Warding  .     (no gloves)
rMut   .         Stasis   .     (no boots)
MR     .....                    (no amulet)
Stlth  ..........               (no ring)
                                (no ring)

@: not resistant to hostile enchantments, extremely unstealthy
A: retaliatory headbutt, horns 2
a: Heroism, Renounce Religion


You were on level 7 of the Dungeon.
You worshipped Okawaru.
Okawaru was pleased with you.
You were not hungry.

You visited 2 branches of the dungeon, and saw 8 of its levels.

You collected 293 gold pieces.

Inventory:

Hand Weapons
 a - a +1 war axe (weapon)
Missiles
 t - 3 tomahawks (quivered)
Armour
 c - a +0 shield
 n - a +0 plate armour (worn)
Wands
 j - a wand of enslavement (24)
Scrolls
 f - a scroll of noise {unknown}
 g - 3 scrolls of amnesia
 h - 3 scrolls of teleportation
 i - 2 scrolls of remove curse
 m - a scroll of recharging
Potions
 b - 2 potions of resistance
 d - 2 potions of might
 k - a potion of invisibility
 l - a potion of curing
 o - a potion of cancellation {unknown}
 p - a potion of poison {unknown}
 q - a potion of cure mutation {unknown}
 r - a potion of flight {unknown}
 u - 2 potions of magic {unknown}
 w - a potion of heal wounds
 x - a potion of haste {unknown}
Comestibles
 e - 2 bread rations
 s - a meat ration
 v - a beef jerky


   Skills:
 - Level 3.6 Fighting
 * Level 12.7 Axes
 - Level 3.6 Armour
 - Level 3.6 Shields


You had 7 spell levels left.
You didn't know any spells.

Dungeon Overview and Level Annotations

Branches:
Dungeon (7/15)             Temple (1/1) D:5

Altars:
Ashenzari
Cheibriados
Dithmenos
Elyvilon
Fedhas
Gozag
Kikubaaqudgha
Makhleb
Nemelex Xobeh
Okawaru
Qazlal
Ru
Sif Muna
Trog
Vehumet
Xom
Yredelemnul
The Shining One

Annotations:
D:5 Prince Ribbit
D:7 Pikel


Innate Abilities, Weirdness & Mutations

You reflexively headbutt those who attack you in melee.
You have a pair of horns on your head.


Message History

The slave is almost dead.
The slave barely misses you. Pikel hits you but does no damage.
Your plate armour prevents you from hitting Pikel.
Pikel is almost dead.
You hit the slave but do no damage.
The slave is almost dead.
The slave hits you but does no damage.
You closely miss Pikel. Your headbutt misses Pikel.
Pikel is almost dead.
You completely miss the slave.
The slave is almost dead.
Pikel says, "You'll feel the lick of my whip!"
Pikel hits you but does no damage. The slave hits you!
* * * LOW HITPOINT WARNING * * *
Your plate armour prevents you from hitting Pikel.
Pikel is almost dead.
You miss the slave.
The slave is almost dead.
Pikel hits you but does no damage. The slave hits you.
You die...

......# .......
.....$. .......
##....... #.....#
#K[..# ..## #@p..#
....# ###...##
....#
.####.....###....#
..........#....(.#
.####..#.........#
#..##........##
#.# ##........# ..
##......# #..
#......#####.


You could see Pikel and a slave.

Vanquished Creatures
  Eustachio (D:6)
  3 slaves (D:7)
  A phantom (D:4)
  An orc warrior (D:6)
  2 ogres
  A sky beast (D:5)
  A centaur (D:6)
  A jelly (D:6)
  5 wights (D:6)
  3 giant frog zombies
  2 crimson imps
  2 centaur zombies (D:5)
  An orc wizard (D:5)
  A giant frog skeleton (D:3)
  An orc priest (D:6)
  6 worker ants
  A worker ant zombie (D:7)
  12 adders
  2 oozes
  2 worms
  An adder zombie (D:6)
  3 giant geckos
  10 orcs
  3 ball pythons
  A giant cockroach (D:2)
  10 hobgoblins
  6 kobolds
  3 quokkas
  6 bats
  6 giant newts
  8 goblins
  7 jackals
  A quokka skeleton (D:5)
  7 rats
121 creatures vanquished.

Notes
Turn   | Place    | Note
--------------------------------------------------------------
     0 | D:1      | PossumBlood the Minotaur Fighter began the quest for the Orb.
     0 | D:1      | Reached XP level 1. HP: 19/19 MP: 0/0
   190 | D:1      | Reached XP level 2. HP: 26/26 MP: 1/1
   620 | D:2      | Reached skill level 4 in Axes
   630 | D:2      | Reached XP level 3. HP: 27/31 MP: 2/2
   631 | D:2      | Found a faded altar to an unknown god.
   770 | D:2      | Reached skill level 5 in Axes
  1093 | D:2      | Reached XP level 4. HP: 36/39 MP: 3/3
  1542 | D:3      | Reached skill level 6 in Axes
  1557 | D:3      | Found a sacrificial altar of Ru.
  1751 | D:3      | Reached XP level 5. HP: 40/45 MP: 4/4
  2239 | D:4      | Reached skill level 7 in Axes
  2256 | D:4      | Found a bloodstained altar of Trog.
  2326 | D:4      | Found a blossoming altar of Fedhas.
  2416 | D:4      | Noticed a phantom
  2426 | D:4      | Killed a phantom
  2426 | D:4      | Reached skill level 8 in Axes
  2426 | D:4      | Reached XP level 6. HP: 45/51 MP: 5/5
  2699 | D:5      | Entered Level 5 of the Dungeon
  2758 | D:5      | Noticed Prince Ribbit
  3299 | D:5      | Found a staircase to the Ecumenical Temple.
  3318 | Temple   | Entered the Ecumenical Temple
  3339 | Temple   | Became a worshipper of Warmaster Okawaru
  3603 | D:5      | Reached skill level 9 in Axes
  3618 | D:5      | Reached XP level 7. HP: 49/57 MP: 6/6
  4108 | D:5      | Reached skill level 10 in Axes
  4339 | D:6      | Reached * piety under Okawaru
  4361 | D:6      | Reached skill level 11 in Axes
  4368 | D:6      | Reached XP level 8. HP: 26/64 MP: 7/7
  4719 | D:6      | Found a deep blue altar of Sif Muna.
  4932 | D:6      | Found an opulent altar of Gozag.
  4944 | D:6      | Found a shimmering altar of Xom.
  4979 | D:6      | Found a basalt altar of Yredelemnul.
  5038 | D:6      | Noticed Eustachio
  5051 | D:6      | Killed Eustachio
  5051 | D:6      | Reached skill level 12 in Axes
  5258 | D:7      | Reached ** piety under Okawaru
  5271 | D:7      | Found a white marble altar of Elyvilon.
  5277 | D:7      | Found Gaestaod's Assorted Antiques.
  5305 | D:7      | Noticed Pikel
  5335 | D:7      | HP: 3/64 [slave[Pikel] (7)]
  5336 | D:7      | Slain by a slave

Action                   |  1- 3 |  4- 6 |  7- 9 || total
-------------------------+-------+-------+-------++-------
Melee: War axe           |    85 |   156 |   184 ||   425
       Broad axe         |       |     4 |       ||     4
  Use: Scroll            |       |     9 |     6 ||    15
       Potion            |       |     3 |     3 ||     6
  Eat: Bread ration      |     1 |     1 |     2 ||     4
